[Event "Titled Tuesday Blitz May 2 Late 2023"]
[White "Prem, Pranav"]
[Black "Debray, Christopher"]
[WhiteFideId "30901057"]
[BlackFideId "630810"]
[WhiteElo "1970"]
[BlackElo "2340"]
[Result "1-0"]
[Round "06"]
[TimeControl "180+2"]
[Date "2023.05.02"]
[WhiteClock "0:00:11"]
[BlackClock "0:00:02"]

1. d4 d5 2. c4 e6 3. Nc3 Nf6 4. cxd5 exd5 5. Bg5 c6 6. e3 Bf5 7. Qf3 Bg6 8. Bxf6 Qxf6 9. Qxf6 gxf6 10. Nge2 Bd6 11. h4 h5 12. g3 Na6 13. Nf4 Nc7 14. Rc1 Ne6 15. Be2 Nxf4 16. gxf4 Kd7 17. Kd2 Rae8 18. a3 Re7 19. b4 a6 20. Na4 Rhe8 21. Bf3 Rg8 22. Rhg1 Ree8 23. Nc5+ Kc7 24. Bxd5 cxd5 25. f5 Bxf5 26. Ne4+ Kd8 27. Nxd6 Rxg1 28. Rxg1 Re6 29. Nxf5 Rc6 30. Rg8+ Kd7 31. Rh8 Ke6 32. Ng3 a5 33. Rxh5 axb4 34. axb4 Rc4 35. Rh8 Rxb4 36. Rc8 Rb2+ 37. Rc2 Rb3 38. h5 Ke7 39. h6 Kf8 40. Rc8+ Ke7 41. h7 Rb2+ 42. Kc3 Rxf2 43. h8=Q Rf3 44. Qd8+ Ke6 45. Qe8+ Kd6 46. Rd8+ Kc7 47. Qd7+ Kb6 48. Qd6+ Ka7 49. Rd7 Rxe3+ 50. Kb4 Re1 51. Qc5+ 1-0


[Site "https://www.chess.com"]

[Event "Titled Tuesday Blitz May 2 Late 2023"]
[White "Cueto, Jonny"]
[Black "Prydun, Andriy"]
[WhiteFideId "3300145"]
[BlackFideId "14145898"]
[WhiteElo "2234"]
[BlackElo "2164"]
[Result "0-1"]
[Round "06"]
[TimeControl "180+2"]
[Date "2023.05.02"]
[WhiteClock "0:01:48"]
[BlackClock "0:02:16"]

1. d4 Nf6 2. Bf4 Nh5 3. Bg5 h6 4. Bh4 g5 5. Bg3 Bg7 6. Nc3 d6 7. e4 Nxg3 8. hxg3 Nd7 9. Nf3 c5 10. Qd2 Qb6 11. Na4 Qc6 12. d5 Qxa4 13. b3 Qxe4+ 0-1


[Site "https://www.chess.com"]

[Event "Titled Tuesday Blitz May 2 Late 2023"]
[White "Grinev, Valeriy"]
[Black "Ricaurte Lopez, Juan Carlos"]
[WhiteFideId "14117517"]
[BlackFideId "3600327"]
[WhiteElo "2366"]
[BlackElo "2200"]
[Result "1-0"]
[Round "06"]
[TimeControl "180+2"]
[Date "2023.05.02"]
[WhiteClock "0:00:30"]
[BlackClock "0:00:03"]

1. e4 c5 2. Nc3 d6 3. Nf3 Nf6 4. g3 Nc6 5. Bg2 g6 6. O-O Bg7 7. Re1 O-O 8. d4 Bg4 9. d5 Nd4 10. Qd3 Bxf3 11. Bxf3 Nxf3+ 12. Qxf3 Nd7 13. Qe2 a6 14. a4 Rb8 15. Kg2 Qc7 16. h4 c4 17. h5 b5 18. axb5 axb5 19. Be3 Rb7 20. Rh1 e6 21. hxg6 hxg6 22. dxe6 fxe6 23. Qg4 Kf7 24. Rh7 b4 25. Bh6 Rg8 26. Ne2 Nf6 27. Qf3 Qc6 28. Rxg7+ Rxg7 29. Bxg7 Kxg7 30. Nd4 Qxe4 31. Qxe4 Nxe4 32. Nxe6+ Kf6 33. Nf4 g5 34. Nd5+ Ke5 35. Ra5 Nc5 36. Ne3 c3 37. bxc3 bxc3 38. Nc4+ Kd5 39. Ne3+ Ke5 40. Kf3 Kd4 41. Kg4 Rb2 42. Nf5+ Ke5 43. f4+ gxf4 44. gxf4+ Ke6 45. Ne3 Ne4 46. f5+ Kd7 47. Kf4 Nc5 48. Ra7+ Kc6 49. f6 Rb1 50. f7 1-0


[Site "https://www.chess.com"]

[Event "Titled Tuesday Blitz May 2 Late 2023"]
[White "Kavinda, Akila"]
[Black "Hirneise, Jens"]
[WhiteFideId "9901302"]
[BlackFideId "24614734"]
[WhiteElo "2043"]
[BlackElo "2345"]
[Result "1-0"]
[Round "06"]
[TimeControl "180+2"]
[Date "2023.05.02"]
[WhiteClock "0:00:48"]
[BlackClock "0:00:22"]

1. d4 Nf6 2. Nf3 b5 3. a4 b4 4. a5 Ba6 5. g3 e6 6. Bg2 d5 7. O-O c5 8. Re1 Nc6 9. Bg5 Be7 10. c3 bxc3 11. Qa4 Qd7 12. Nxc3 Nxd4 13. Nxd4 Qxa4 14. Rxa4 cxd4 15. Rxd4 Rb8 16. Rb1 O-O 17. b4 Rfc8 18. Bd2 e5 19. Nxd5 Bd8 20. Nxf6+ Bxf6 21. Rd6 Bxe2 22. Be3 a6 23. Bf1 Bb5 24. Bxb5 axb5 25. Rb6 Bd8 26. Rxb8 Rxb8 27. Bc5 f6 28. Rd1 Kf7 29. Rd7+ Ke6 30. Rxg7 h5 31. a6 Kd5 32. a7 Ra8 33. Rb7 1-0


[Site "https://www.chess.com"]

[Event "Titled Tuesday Blitz May 2 Late 2023"]
[White "Jaskolka, Tomasz"]
[Black "Rose, Felix"]
[WhiteFideId "1170791"]
[BlackFideId "5105722"]
[WhiteElo "2155"]
[BlackElo "2039"]
[Result "1-0"]
[Round "06"]
[TimeControl "180+2"]
[Date "2023.05.02"]
[WhiteClock "0:00:02"]
[BlackClock "0:00:05"]

1. e4 c5 2. Nf3 e6 3. b4 cxb4 4. d4 d5 5. e5 Nc6 6. a3 bxa3 7. c3 a6 8. Bd3 Bd7 9. Nxa3 Rc8 10. Nc2 Na5 11. Bd2 Nb3 12. Rb1 Nxd2 13. Qxd2 Qc7 14. O-O Qxc3 15. Rxb7 Qxd2 16. Nxd2 Bb5 17. Bxb5+ axb5 18. Ne3 b4 19. f4 Ne7 20. f5 Nxf5 21. Nxf5 exf5 22. Rxf5 Be7 23. Nb3 h5 24. Rb5 Rd8 25. Rb7 Rh6 26. Nc5 Rc6 27. Nd3 Rc3 28. Rf3 Rc4 29. e6 fxe6 30. Ne5 Rxd4 31. Nc6 Rd1+ 32. Kf2 Bc5+ 33. Ke2 Rc1 34. Rxg7 Rc8 35. Ne5 Rc2+ 36. Kd1 Bd4 37. Rg8+ Ke7 38. Rf7+ Kd6 39. Rxc8 Rxc8 40. Nf3 Be5 41. g3 Bc3 42. Rb7 b3 43. Rxb3 d4 44. Rb6+ Kd5 45. Ke2 Ke4 46. Rb5 Ra8 47. Re5# 1-0


[Site "https://www.chess.com"]

[Event "Titled Tuesday Blitz May 2 Late 2023"]
[White "Van den Dikkenberg, Erik"]
[Black "Golubev, Mikhail"]
[WhiteFideId "1005880"]
[BlackFideId "14100983"]
[WhiteElo "2118"]
[BlackElo "2374"]
[Result "1/2-1/2"]
[Round "06"]
[TimeControl "180+2"]
[Date "2023.05.02"]
[WhiteClock "0:00:11"]
[BlackClock "0:00:03"]

1. e4 c5 2. Nc3 e6 3. f4 Nc6 4. Nf3 g6 5. Bb5 Nd4 6. O-O Bg7 7. a4 Ne7 8. Nxd4 Bxd4+ 9. Kh1 O-O 10. d3 f5 11. e5 Bxc3 12. bxc3 b6 13. d4 c4 14. Bxc4 Bb7 15. Ba3 Rc8 16. Qe2 Rf7 17. Bxe7 Rxe7 18. Ba6 Bxa6 19. Qxa6 Rxc3 20. Qxa7 d6 21. Qa6 dxe5 22. dxe5 Rxc2 23. Rad1 Qc7 24. Qa8+ Kg7 25. Qf3 Rc3 26. Qf2 Qc6 27. Qh4 Rf7 28. Rd8 Rc2 29. Rg1 Qxa4 30. Rb8 Qe4 31. Qd8 Kh6 32. Qh4+ Kg7 33. Qd8 Kh6 34. Qh4+ Kg7 1/2-1/2


[Site "https://www.chess.com"]

[Event "Titled Tuesday Blitz May 2 Late 2023"]
[White "Roman, Rodrigo"]
[Black "Bueno, Alfeu Junior Varela"]
[WhiteFideId "3701220"]
[BlackFideId "2108879"]
[WhiteElo "1995"]
[BlackElo "2175"]
[Result "0-1"]
[Round "06"]
[TimeControl "180+2"]
[Date "2023.05.02"]
[WhiteClock "0:00:05"]
[BlackClock "0:00:32"]

1. c4 e5 2. Nf3 Nc6 3. Nc3 f5 4. d3 Bb4 5. Bd2 Nf6 6. g3 O-O 7. Bg2 d6 8. O-O Bxc3 9. Bxc3 f4 10. e3 Qe8 11. exf4 exf4 12. Qd2 fxg3 13. fxg3 Qh5 14. b4 Bg4 15. b5 Ne5 16. Nxe5 dxe5 17. Bxb7 Rad8 18. Bb4 Rfe8 19. Bc6 Re6 20. Rae1 e4 21. d4 Bf3 22. d5 Re5 23. Bc3 Rf5 24. Bxf6 Rxf6 25. Rf2 Qg4 26. Ref1 h5 27. Rxf3 Rxf3 28. d6 Rxd6 29. Bd5+ Kh8 30. Qe2 Rxf1+ 31. Qxf1 Rf6 32. Qe1 e3 33. Kg2 Rf2+ 34. Kg1 Qh3 35. Qxf2 exf2+ 36. Kxf2 Qxh2+ 37. Bg2 h4 38. gxh4 Qxh4+ 39. Ke2 Qxc4+ 0-1


[Site "https://www.chess.com"]

[Event "Titled Tuesday Blitz May 2 Late 2023"]
[White "Smith, Shreyas"]
[Black "Gerbelli Neto, Eduardo"]
[WhiteFideId "7400713"]
[BlackFideId "2103281"]
[WhiteElo "2151"]
[BlackElo "2178"]
[Result "0-1"]
[Round "06"]
[TimeControl "180+2"]
[Date "2023.05.02"]
[WhiteClock "0:00:01"]
[BlackClock "0:00:06"]

1. e4 e5 2. Nf3 Nc6 3. Bb5 a6 4. Ba4 d6 5. c3 f5 6. exf5 Bxf5 7. d4 e4 8. d5 exf3 9. dxc6 b5 10. Bc2 Qe7+ 11. Be3 fxg2 12. Rg1 Nh6 13. Rxg2 O-O-O 14. Nd2 g6 15. a4 b4 16. Qe2 Re8 17. Qxa6+ Kd8 18. Bxf5 Qe5 19. Bd7 Bg7 20. O-O-O bxc3 21. Bg5+ Bf6 22. Bxf6+ Qxf6 23. Qc8+ Ke7 24. Re1+ Kf7 25. Bxe8+ Kg7 26. Qd7+ Kf8 27. Nc4 cxb2+ 28. Kb1 Nf5 29. Bxg6 Ng7 30. Bh5 h6 0-1


[Site "https://www.chess.com"]

[Event "Titled Tuesday Blitz May 2 Late 2023"]
[White "Castella Garcia, Fausto"]
[Black "Georg, Heinz"]
[WhiteFideId "3501922"]
[BlackFideId "4607295"]
[WhiteElo "2245"]
[BlackElo "2147"]
[Result "1-0"]
[Round "06"]
[TimeControl "180+2"]
[Date "2023.05.02"]
[WhiteClock "0:01:52"]
[BlackClock "0:01:31"]

1. e4 c5 2. Nf3 e6 3. Nc3 Nc6 4. Bb5 Nf6 5. e5 Nd5 6. Bxc6 bxc6 7. d3 Ba6 8. O-O Be7 9. Ne4 Qc7 10. c4 Nb6 11. Bg5 Nc8 12. Bxe7 Kxe7 13. Qd2 h6 14. Qf4 d6 15. exd6+ Nxd6 16. Nxc5 Bc8 17. Rfe1 Ne8 18. Ne5 g5 19. Qxf7+ Kd8 20. Nxe6+ Bxe6 21. Qxe6 Rc8 22. Nf7+ 1-0


[Site "https://www.chess.com"]

[Event "Titled Tuesday Blitz May 2 Late 2023"]
[White "James, Stuart"]
[Black "Carrasco Miranda, Andres"]
[WhiteFideId "7400489"]
[BlackFideId "3405990"]
[WhiteElo "1950"]
[BlackElo "2183"]
[Result "1-0"]
[Round "06"]
[TimeControl "180+2"]
[Date "2023.05.02"]
[WhiteClock "0:00:49"]
[BlackClock "0:00:16"]

1. e4 e5 2. Nf3 Nc6 3. Bb5 Nf6 4. d3 Bc5 5. O-O Nd4 6. Nxd4 Bxd4 7. c3 Bb6 8. a4 c6 9. Bc4 a5 10. Bg5 h6 11. Bh4 g5 12. Bg3 d6 13. d4 Qe7 14. dxe5 dxe5 15. Qb3 Bc7 16. Nd2 Nh5 17. Rad1 Nxg3 18. fxg3 O-O 19. Rxf7 Rxf7 20. Rf1 Qc5+ 21. Kh1 Bb6 22. Bxf7+ Kh8 23. Bg6 Be6 24. Qxe6 Rf8 25. Rxf8+ Qxf8 26. Qxe5+ Kg8 27. Qf5 Qd8 28. Qf7+ 1-0


[Site "https://www.chess.com"]

[Event "Titled Tuesday Blitz May 2 Late 2023"]
[White "Adel, Sara"]
[Black "Napoli, Nicolo"]
[WhiteFideId "10616764"]
[BlackFideId "813702"]
[WhiteElo "1982"]
[BlackElo "2308"]
[Result "1-0"]
[Round "06"]
[TimeControl "180+2"]
[Date "2023.05.02"]
[WhiteClock "0:00:35"]
[BlackClock "0:00:20"]

1. e4 d6 2. Nc3 Qd7 3. f4 h5 4. Nf3 h4 5. Bc4 Nc6 6. f5 e6 7. d3 Nh6 8. O-O h3 9. g3 a6 10. fxe6 fxe6 11. Ng5 Qe7 12. Qh5+ Kd8 13. Nxe6+ Bxe6 14. Bg5 Bxc4 15. dxc4 Ne5 16. Nd5 Nhf7 17. Bxe7+ Bxe7 18. Qf5 c6 19. Nb6 Rb8 20. c5 Kc7 21. Qe6 Bf6 22. Rad1 Rbe8 23. Qb3 dxc5 24. Nc4 b5 25. Nxe5 Nxe5 26. Rf5 Rd8 27. c3 Kb6 28. a4 c4 29. Qc2 Rd3 30. Rxd3 cxd3 31. Qf2+ c5 32. Rxf6+ gxf6 33. Qxf6+ Ka5 34. Qxh8 Nf3+ 35. Kf2 d2 36. Qd8+ Kxa4 37. Kxf3 1-0


[Site "https://www.chess.com"]

[Event "Titled Tuesday Blitz May 2 Late 2023"]
[White "Winkels, Marcel"]
[Black "De Souza, Cristiano Gomes"]
[WhiteFideId "1003887"]
[BlackFideId "2151758"]
[WhiteElo "1900"]
[BlackElo "2068"]
[Result "0-1"]
[Round "06"]
[TimeControl "180+2"]
[Date "2023.05.02"]
[WhiteClock "0:00:02"]
[BlackClock "0:00:51"]

1. d4 Nf6 2. Nc3 g6 3. Bf4 d6 4. e4 Bg7 5. Nf3 O-O 6. Be2 c6 7. O-O b5 8. a3 Bb7 9. Re1 Nbd7 10. h3 a6 11. Qd2 c5 12. d5 Ne8 13. Bh6 Nc7 14. Bxg7 Kxg7 15. Bf1 Nb6 16. Rad1 Qd7 17. e5 dxe5 18. Nxe5 Qd6 19. Nc6 Bxc6 20. dxc6 Rad8 21. Qxd6 Rxd6 22. Rxd6 exd6 23. Re7 Rc8 24. g3 Kf6 25. Re1 d5 26. Bg2 Rd8 27. Rd1 Rd6 28. Ne4+ Ke6 29. Nxd6 Kxd6 30. Re1 Ne6 31. b3 Kxc6 32. Re5 Kd6 33. f4 f6 34. Re1 Nd4 35. Re8 Nxc2 36. Rb8 Kc7 37. Rh8 Nd4 38. Rxh7+ Kd6 39. b4 cxb4 40. axb4 Nc4 41. Rg7 Ne3 42. Rxg6 Ke6 43. h4 Ndc2 44. h5 Kf7 45. f5 Nxf5 46. Bxd5+ Ke7 47. h6 Nxh6 48. Rxh6 Nxb4 49. Be4 Ke6 0-1


[Site "https://www.chess.com"]

[Event "Titled Tuesday Blitz May 2 Late 2023"]
[White "Hartikainen, Jarmo"]
[Black "Elissalt Cardenas, Hector"]
[WhiteFideId "503134"]
[BlackFideId "3500632"]
[WhiteElo "2108"]
[BlackElo "2202"]
[Result "0-1"]
[Round "06"]
[TimeControl "180+2"]
[Date "2023.05.02"]
[WhiteClock "0:00:01"]
[BlackClock "0:00:45"]

1. e4 d6 2. d4 g6 3. Nc3 Bg7 4. Nf3 Bg4 5. Be2 Nd7 6. Be3 e6 7. Qd2 h6 8. h3 Bxf3 9. Bxf3 Ne7 10. g4 Nb6 11. b3 Qd7 12. a4 a5 13. Rd1 d5 14. e5 Nc6 15. O-O O-O-O 16. Nb5 f6 17. Rfe1 f5 18. c3 Rdf8 19. Be2 Qe7 20. f3 Qh4 21. Kg2 fxg4 22. fxg4 h5 23. gxh5 gxh5 24. Rf1 Rhg8 25. Bg5 Bh6 26. Rxf8+ Bxf8 27. Bg4 Qxg5 28. Qxg5 Rxg5 29. Kf3 hxg4+ 30. hxg4 Be7 31. Rh1 Nd7 32. Rh8+ Nf8 33. b4 axb4 34. cxb4 Nd8 35. a5 Nf7 36. Rh2 Rg8 37. Rc2 c6 38. Na3 Ng5+ 0-1


[Site "https://www.chess.com"]

[Event "Titled Tuesday Blitz May 2 Late 2023"]
[White "Munoz Misselis, Nelson Carlos"]
[Black "Rodriguez Santiago, Jaime"]
[WhiteFideId "6601790"]
[BlackFideId "3100898"]
[WhiteElo "1749"]
[BlackElo "2025"]
[Result "0-1"]
[Round "06"]
[TimeControl "180+2"]
[Date "2023.05.02"]
[WhiteClock "0:00:16"]
[BlackClock "0:00:09"]

1. d4 Nf6 2. c4 e6 3. Nc3 Bb4 4. Bd2 O-O 5. Nf3 d5 6. e3 c5 7. dxc5 dxc4 8. Bxc4 Nc6 9. a3 Bxc5 10. Qe2 a6 11. O-O b5 12. Ba2 Bb7 13. Rfd1 Qe7 14. Rac1 Rac8 15. Bb1 Rfd8 16. Be1 Ba7 17. Rxd8+ Rxd8 18. Rd1 Rc8 19. h3 Bb8 20. g3 Qc7 21. Ne4 Nxe4 22. Bxe4 f5 23. Bb1 Ne7 24. Bc3 Qc6 25. e4 fxe4 26. Nd4 Qc4 27. Qg4 Ng6 28. Qxe6+ Qxe6 29. Nxe6 Be5 30. Nd4 Bb8 31. Ba2+ Kh8 32. Nf5 Be5 33. Rd7 Bc6 34. Ra7 Bxc3 35. bxc3 Ne5 36. Ne7 Nf3+ 37. Kg2 Ne1+ 38. Kf1 Rf8 39. Nxc6 Nd3 40. Rxa6 Rxf2+ 41. Kg1 h5 42. Be6 e3 43. g4 e2 44. Bb3 e1=Q# 0-1


[Site "https://www.chess.com"]

[Event "Titled Tuesday Blitz May 2 Late 2023"]
[White "Urbina Perez, Juan Antonio"]
[Black "Kapp, Martin"]
[WhiteFideId "2217368"]
[BlackFideId "24651680"]
[WhiteElo "2197"]
[BlackElo "2177"]
[Result "1-0"]
[Round "06"]
[TimeControl "180+2"]
[Date "2023.05.02"]
[WhiteClock "0:01:35"]
[BlackClock "0:00:01"]

1. e4 e6 2. d4 d5 3. Nd2 c5 4. exd5 exd5 5. Ngf3 Nf6 6. Bb5+ Nc6 7. O-O Be7 8. dxc5 Bxc5 9. Re1+ Be7 10. Qe2 h6 11. Nd4 Kf8 12. Bxc6 Bc5 13. N4b3 Bg4 14. Qd3 Bxf2+ 15. Kxf2 Qb6+ 16. Qd4 Qxc6 17. Qc5+ Qxc5+ 18. Nxc5 Rc8 19. h3 Rxc5 20. hxg4 Rxc2 21. Kf1 Nxg4 22. Nf3 g5 23. Re2 Rc6 24. Bd2 Re6 25. Rae1 Ke7 26. Bb4+ Kd7 27. Ne5+ Nxe5 28. Rxe5 Rf6+ 29. Kg1 Kc6 30. Rc1+ Kb5 31. a3 Rd8 32. Be7 Re8 33. Bxf6 1-0


[Site "https://www.chess.com"]

[Event "Titled Tuesday Blitz May 2 Late 2023"]
[White "Fajdetic, Hrvoje"]
[Black "Fernandez Madrid, Carlos"]
[WhiteFideId "14501945"]
[BlackFideId "2206030"]
[WhiteElo "2185"]
[BlackElo "2082"]
[Result "0-1"]
[Round "06"]
[TimeControl "180+2"]
[Date "2023.05.02"]
[WhiteClock "0:01:11"]
[BlackClock "0:01:57"]

1. f4 g6 2. e4 Bg7 3. Nf3 c5 4. d3 Nc6 5. c3 d6 6. Be2 Nf6 7. O-O O-O 8. Qe1 e6 9. Qh4 Nh5 10. Qh3 d5 11. Ng5 h6 12. Bxh5 hxg5 13. Bf3 gxf4 14. exd5 exd5 15. Bg4 Bxg4 16. Qxg4 Ne5 17. Qd1 c4 18. dxc4 dxc4 19. Bxf4 Qxd1 20. Rxd1 Nd3 21. Bg3 Nxb2 22. Rd7 Rad8 23. Rxd8 Rxd8 24. Na3 Bxc3 25. Rc1 Bd4+ 26. Bf2 Bxf2+ 27. Kxf2 Nd3+ 0-1


[Site "https://www.chess.com"]

[Event "Titled Tuesday Blitz May 2 Late 2023"]
[White "Wang, Alexander J"]
[Black "Vifleemskaia, Svetlana"]
[WhiteFideId "30955270"]
[BlackFideId "4129490"]
[WhiteElo "1815"]
[BlackElo "1930"]
[Result "0-1"]
[Round "06"]
[TimeControl "180+2"]
[Date "2023.05.02"]
[WhiteClock "0:00:11"]
[BlackClock "0:00:32"]

1. e4 e5 2. Nf3 Nc6 3. Bb5 a6 4. Ba4 Nf6 5. d4 b5 6. dxe5 Nxe4 7. Bb3 Nc5 8. O-O Nxb3 9. axb3 Be7 10. Nc3 Bb7 11. Nd5 O-O 12. Bf4 Nb4 13. Nxb4 Bxb4 14. c3 Bc5 15. Nd4 Qh4 16. Bg3 Qe4 17. f3 Qd5 18. b4 Bb6 19. Qd3 d6 20. exd6 cxd6 21. Rfe1 Rfe8 22. Bf2 Re5 23. Rad1 Rae8 24. Kf1 g6 25. Rxe5 dxe5 26. Ne2 Qxd3 27. Rxd3 Bxf2 28. Kxf2 e4 29. fxe4 Rxe4 30. Rd8+ Kg7 31. Rd7 Bc6 32. Rc7 Re6 33. Nd4 Rf6+ 34. Kg1 Bd5 35. Rd7 Bc4 36. Re7 Rf1# 0-1


[Site "https://www.chess.com"]

[Event "Titled Tuesday Blitz May 2 Late 2023"]
[White "Ismayilova, Khanim"]
[Black "Harish, Neeraj"]
[WhiteFideId "13429019"]
[BlackFideId "30958130"]
[WhiteElo "1633"]
[BlackElo "1965"]
[Result "0-1"]
[Round "06"]
[TimeControl "180+2"]
[Date "2023.05.02"]
[WhiteClock "0:00:08"]
[BlackClock "0:01:28"]

1. c4 Nf6 2. Nc3 g6 3. d4 d5 4. e3 Bg7 5. Nf3 O-O 6. Bd3 dxc4 7. Bxc4 c5 8. O-O Nc6 9. b3 cxd4 10. exd4 Bg4 11. Be3 e6 12. Rc1 Ne7 13. Be2 Nfd5 14. Ne5 Bxe2 15. Qxe2 Nxc3 16. Rxc3 Nd5 17. Rc2 Qd6 18. Nc4 Qe7 19. h3 Rac8 20. Rfc1 a6 21. Qd2 Rfd8 22. Bg5 f6 23. Bh6 Nb4 24. Rc3 Bxh6 25. Qxh6 Nxa2 26. Nb6 Rxc3 27. Rxc3 Nxc3 0-1


[Site "https://www.chess.com"]

[Event "Titled Tuesday Blitz May 2 Late 2023"]
[White "Dias, Joao Batista"]
[Black "Phillips, Rene"]
[WhiteFideId "2108240"]
[BlackFideId "2056275"]
[WhiteElo "1907"]
[BlackElo "1852"]
[Result "0-1"]
[Round "06"]
[TimeControl "180+2"]
[Date "2023.05.02"]
[WhiteClock "0:02:16"]
[BlackClock "0:01:59"]

1. e4 Nc6 2. d4 d5 3. exd5 Qxd5 4. c3 e5 5. dxe5 Qxd1+ 6. Kxd1 Nxe5 7. Bf4 Bg4+ 8. Be2 O-O-O+ 9. Kc2 Bf5+ 10. Kb3 Ng6 11. Be3 a6 12. a4 Nf6 13. Nd2 Nd5 14. Bd4 c5 15. Be3 Nxe3 16. fxe3 Rxd2 17. Bc4 Be6 18. Nf3 Rxg2 19. Ne5 Nxe5 0-1


[Site "https://www.chess.com"]

[Event "Titled Tuesday Blitz May 2 Late 2023"]
[White "Joubert, Dantelle"]
[Black "Cooklev, Steven"]
[WhiteFideId "14310813"]
[BlackFideId "2050552"]
[WhiteElo "1507"]
[BlackElo "2039"]
[Result "1-0"]
[Round "06"]
[TimeControl "180+2"]
[Date "2023.05.02"]
[WhiteClock "0:02:07"]
[BlackClock "0:01:13"]

1. d4 Nf6 2. c4 e6 3. Nc3 Bb4 4. e3 O-O 5. Bd3 d5 6. Ne2 dxc4 7. Bxc4 e5 8. a3 Bd6 9. O-O Nc6 10. Bb5 Bd7 11. d5 Ne7 12. Bxd7 Qxd7 13. e4 Ng6 14. Ng3 h6 15. Nf5 Rfe8 16. Be3 Nxe4 17. Nxh6+ gxh6 18. Nxe4 f5 19. Nf6+ 1-0


[Site "https://www.chess.com"]

[Event "Titled Tuesday Blitz May 2 Late 2023"]
[White "Sanchez, Robert"]
[Black "Oliveira, Tiago Batista"]
[WhiteFideId "2034360"]
[BlackFideId "2108291"]
[WhiteElo "1966"]
[BlackElo "1962"]
[Result "0-1"]
[Round "06"]
[TimeControl "180+2"]
[Date "2023.05.02"]
[WhiteClock "0:01:07"]
[BlackClock "0:00:18"]

1. e4 e5 2. Nf3 Nc6 3. Bb5 a6 4. Ba4 Nf6 5. d3 b5 6. Bb3 Be7 7. c3 O-O 8. O-O Bb7 9. Qe2 Na5 10. Bc2 d6 11. Rd1 c5 12. Nbd2 Nc6 13. Nf1 d5 14. Ng3 Bd6 15. Nf5 Re8 16. Bg5 h6 17. Bh4 Be7 18. Nxe7+ Qxe7 19. exd5 Na7 20. c4 Rad8 21. Re1 Nc8 22. Rad1 Nd6 23. b3 Nf5 24. Bg3 Nxg3 25. hxg3 Ng4 26. Qe4 Bc8 27. Nh4 Qg5 28. Nf3 Qh5 29. Nh4 Rd6 0-1


[Site "https://www.chess.com"]

[Event "Titled Tuesday Blitz May 2 Late 2023"]
[White "Nakamura, Hikaru"]
[Black "Sarana, Alexey"]
[WhiteFideId "2016192"]
[BlackFideId "24133795"]
[WhiteElo "2885"]
[BlackElo "2714"]
[Result "1/2-1/2"]
[Round "07"]
[TimeControl "180+2"]
[Date "2023.05.02"]
[WhiteClock "0:00:09"]
[BlackClock "0:00:07"]

1. e4 c5 2. c3 Nf6 3. e5 Nd5 4. Nf3 d6 5. d4 cxd4 6. Qxd4 e6 7. exd6 Nc6 8. Bb5 Bd7 9. Bxc6 Bxc6 10. Nbd2 Qxd6 11. Nc4 Qc5 12. Nce5 f6 13. Qxc5 Bxc5 14. Nxc6 bxc6 15. Ke2 e5 16. g3 O-O-O 17. Be3 Bxe3 18. fxe3 Rd7 19. Nd2 f5 20. e4 fxe4 21. Nxe4 Nf6 22. Nf2 Rhd8 23. Rad1 Rxd1 24. Nxd1 Kd7 25. Nf2 Ke6 26. Rd1 Rxd1 27. Nxd1 e4 28. Ne3 Ke5 29. a4 g5 30. Nc4+ Kd5 31. b3 h5 32. h3 Nd7 33. Nd2 Nc5 34. Ke3 Ke5 35. a5 Nb7 36. Nc4+ Kd5 37. g4 hxg4 38. hxg4 a6 39. Kf2 Nc5 40. Nb6+ Ke5 41. b4 Nb7 42. Ke3 Nd6 43. c4 Ke6 44. Kd4 Ne8 45. Kxe4 Nf6+ 46. Kf3 Kd6 47. Na4 Ke5 48. Nc3 Kd4 49. b5 cxb5 50. cxb5 Kxc3 51. bxa6 Nd5 52. Ke4 Nc7 53. a7 Kb4 54. Kf5 Kxa5 55. Kxg5 Kb6 56. a8=Q Nxa8 57. Kf5 Nc7 58. g5 Ne8 59. Ke6 Ng7+ 60. Kf6 Nh5+ 61. Kg6 Nf4+ 62. Kf5 Nh5 63. g6 Kc6 64. Kg5 Ng7 65. Kf6 Nh5+ 66. Kf7 Kd6 67. g7 Nxg7 1/2-1/2


[Site "https://www.chess.com"]

[Event "Titled Tuesday Blitz May 2 Late 2023"]
[White "Caruana, Fabiano"]
[Black "Hakobyan, Aram"]
[WhiteFideId "2020009"]
[BlackFideId "13306677"]
[WhiteElo "2837"]
[BlackElo "2584"]
[Result "0-1"]
[Round "07"]
[TimeControl "180+2"]
[Date "2023.05.02"]
[WhiteClock "0:00:09"]
[BlackClock "0:00:09"]

1. d4 Nf6 2. c4 e6 3. Nf3 d5 4. Nc3 c5 5. e3 dxc4 6. Bxc4 a6 7. O-O b5 8. Bd3 Bb7 9. a4 b4 10. Nb1 Nbd7 11. Qe2 Be7 12. Nbd2 O-O 13. Nb3 cxd4 14. exd4 Bd5 15. Nfd2 a5 16. Nc4 Ra7 17. Bf4 Qa8 18. f3 Rc8 19. Rac1 Bxc4 20. Bxc4 Nf8 21. Bb5 Nd5 22. Bg3 Bg5 23. Rc5 Ng6 24. Kh1 h5 25. Nd2 h4 26. Bf2 Be7 27. Ne4 Bxc5 28. dxc5 Rd8 29. h3 Rc7 30. Nd6 Ndf4 31. Qc2 Rxd6 32. Be3 Rd8 33. Qc4 Nh5 34. Rc1 Qd5 35. Qxd5 exd5 36. Bd4 Ng3+ 37. Kh2 Nf5 38. Bf2 d4 39. c6 Ne3 40. Rc5 f6 41. Ba6 Rd5 42. Rc1 Rd6 43. Bb7 Ne7 44. Bxh4 N7f5 45. Bf2 d3 46. Be1 d2 47. Bxd2 Rxd2 0-1


[Site "https://www.chess.com"]

[Event "Titled Tuesday Blitz May 2 Late 2023"]
[White "Terry, Renato"]
[Black "Andreikin, Dmitry"]
[WhiteFideId "3803457"]
[BlackFideId "4158814"]
[WhiteElo "2575"]
[BlackElo "2736"]
[Result "1-0"]
[Round "07"]
[TimeControl "180+2"]
[Date "2023.05.02"]
[WhiteClock "0:00:08"]
[BlackClock "0:00:07"]

1. d4 Nf6 2. Nf3 e6 3. c4 d5 4. e3 a6 5. b3 Bb4+ 6. Nbd2 O-O 7. Bb2 b6 8. Bd3 Bb7 9. O-O Nbd7 10. a3 Bd6 11. b4 c5 12. bxc5 bxc5 13. cxd5 Nxd5 14. Ne4 Be7 15. dxc5 Rc8 16. Nd6 Bxd6 17. cxd6 Nc5 18. Bc2 f6 19. Rc1 e5 20. Bb1 Kh8 21. Nh4 Qe8 22. d7 Qxd7 23. Qh5 h6 24. Ng6+ Kg8 25. Nxf8 Kxf8 26. Bf5 Qb5 27. Bxc8 Bxc8 28. a4 Qb4 29. Qd1 Be6 30. Qe1 Nd3 31. Qxb4+ N5xb4 32. Ba3 Kf7 33. Rc7+ Kg6 34. Bxb4 Nxb4 35. a5 Bd5 36. Rb1 Nc6 37. Rb6 Nxa5 38. Rc5 Nc4 39. Rxa6 Bf7 40. Rc7 e4 41. Raa7 Ne5 42. h3 h5 43. h4 f5 44. Kh2 Kf6 45. Ra6+ Be6 46. Rxe6+ Kxe6 47. Rxg7 Kf6 48. Rg5 Nf7 49. Rg8 Nh6 50. Ra8 Ng4+ 51. Kg3 Ne5 52. Ra6+ Kg7 53. Kf4 Nd3+ 54. Kxf5 Nxf2 55. Rg6+ Kh7 56. Re6 Kg7 57. Re7+ Kh6 58. Re6+ Kg7 59. Rxe4 Kh6 60. Re6+ Kg7 61. e4 Ng4 62. Kf4 Kf7 63. Ra6 Nf2 64. Ra3 Kg6 65. Ra6+ Kg7 66. Ra5 Kg6 67. Ra6+ Kg7 68. Kf5 Nd1 69. Ra3 Nb2 70. Rc3 Nd1 71. Rc7+ Kh6 72. Rc6+ Kg7 73. Kf4 Nf2 74. e5 Nd3+ 75. Ke4 Nf2+ 76. Kf5 Nd1 77. Rc7+ Kh6 78. Rc6+ Kg7 79. e6 Ne3+ 80. Kg5 Nxg2 81. Rc7+ Kf8 82. Rf7+ Ke8 83. Kxh5 Ne3 84. Kg6 Ng4 85. Rf5 Ke7 86. h5 Kxe6 87. Ra5 Ke7 88. h6 Nf6 89. Ra7+ Ke6 90. Ra6+ Ke7 91. Rxf6 1-0


[Site "https://www.chess.com"]